 Dungeon Crawl Stone Soup version 0.30.1-11-g7821555f0a (webtiles) character file.

Game seed: 17164535389648401758

11129 Kallu the Dealer of Despair (level 11, -8/84 HPs)
             Began as a Red Draconian Earth Elementalist on Jan 7, 2024.
             Was an Elder of Kikubaaqudgha.
             Mangled by a yak (11 damage)
             ... on level 10 of the Dungeon.
             The game lasted 00:24:26 (12194 turns).

Kallu the Dealer of Despair (DrEE)                 Turns: 12194, Time: 00:24:26

Health: -8/84      AC:  8    Str: 10    XL:     11   Next: 45%
Magic:  1/17       EV: 13    Int: 21    God:    Kikubaaqudgha [****..]
Gold:   523        SH:  0    Dex: 11    Spells: 5/18 levels left

rFire   + . .        a - +4 scimitar (flame)
rCold   + . .        (no shield)
rNeg    . . .        (body armour unavailable)
rPois   .            (helmet restricted)
rElec   .            (no cloak)
rCorr   .            (no gloves)
SInv    .            b - +0 pair of boots
Will    .....        (no amulet)
Stlth   ++           F - ring of protection from cold
HPRegen 0.34/turn    (no ring)
MPRegen 0.15/turn

%: no passive effects
@: about to teleport
A: breathe fire, AC +7, unfitting armour, fire resistance 1, cold-blooded
a: Breathe Fire, Renounce Religion, Unearth Wretches


You were on level 10 of the Dungeon.
You worshipped Kikubaaqudgha.
Kikubaaqudgha was greatly pleased with you.
You visited 1 branch of the dungeon, and saw 10 of its levels.

You collected 523 gold pieces.

Inventory:

Hand Weapons
 a - a +4 scimitar of flaming (weapon)
Missiles
 m - 36 poisoned darts
 J - a throwing net
Armour
 b - a +0 pair of boots (worn)
Jewellery
 F - a ring of protection from cold (left hand)
Wands
 l - a wand of quicksilver (8)
 n - a wand of roots (11)
 q - a wand of mindburst (2)
 I - a wand of flame (28)
Scrolls
 c - a scroll of noise {unknown}
 g - 3 scrolls of blinking {unknown}
 h - 3 scrolls of enchant armour {unknown}
 j - a scroll of brand weapon {unknown}
 k - 4 scrolls of immolation {unknown}
 o - 4 scrolls of fog
 r - a scroll of magic mapping {unknown}
 t - 10 scrolls of identify {unknown}
 u - 7 scrolls of teleportation
 v - 5 scrolls of amnesia
 x - 2 scrolls of poison {unknown}
 y - 2 scrolls of enchant weapon {unknown}
 E - 2 scrolls of fear {unknown}
 H - a scroll of silence {unknown}
 K - a scroll of summoning {unknown}
Potions
 e - 6 potions of lignification
 f - 2 potions of curing
 i - 2 potions of flight
 p - a potion of ambrosia {unknown}
 z - a potion of attraction {unknown}
 A - a potion of berserk rage {unknown}
 B - a potion of might {unknown}
 C - a potion of haste {unknown}
 D - a potion of resistance {unknown}
 G - a potion of mutation {unknown}
 L - a potion of degeneration {unknown}


   Skills:
 - Level 4.0 Fighting
 - Level 4.0 Dodging
 - Level 1.7 Stealth
 - Level 4.0 Spellcasting
 - Level 5.1 Conjurations
 * Level 13.5 Necromancy
 - Level 2.0 Transmutations
 - Level 9.1 Earth Magic


You had 5 spell levels left.
You knew the following spells:

 Your Spells              Type           Power      Damage    Failure   Level
a - Sandblast             Erth           84%        2d18      1%          1
b - Vampiric Draining     Necr           57%        2d10      1%          3
c - Stone Arrow           Conj/Erth      68%        3d11      1%          3
d - Petrify               Tmut/Erth      27%        N/A       12%         4
A - Passwall              Tmut/Erth      22%        N/A       1%          2

Your spell library contained the following spells:

 Spells                   Type           Power      Damage    Failure   Level
 Kiss of Death            Conj/Necr      100%       2d13      1%          1
 Magic Dart               Conj           100%       1d8       1%          1
 Necrotise                Necr           100%       1d9       1%          1
 Dispel Undead            Necr           57%        3d20      1%          4
 Agony                    Necr           57%        N/A       1%          5
 Cigotuvi's Dreadful Rot  Necr/Pois/Air  46%        N/A       2%          2
 Beastly Appendage        Tmut           24%        N/A       5%          1
 Wereblood                Tmut           12%        N/A       8%          2
 Anguish                  Hex/Necr       16%        N/A       8%          4
 Freeze                   Ice            16%        1d4       12%         1
 Slow                     Hex            16%        N/A       12%         1
 Hailstorm                Conj/Ice       14%        3d5       13%         3
 Call Imp                 Summ           8%         N/A       19%         2
 Mephitic Cloud           Conj/Pois/Air  11%        N/A       19%         3
 Spider Form              Tmut/Pois      8%         N/A       24%         3
 Confusing Touch          Hex            4%         N/A       34%         3
 Frozen Ramparts          Ice            8%         1d2       34%         3
 Death Channel            Necr           28%        N/A       7%          6


Dungeon Overview and Level Annotations

Branches:
Dungeon (10/15)            Temple (0/1) D:7            Lair (0/5) D:10
    Orc: D:9-12

Altars:
Cheibriados
Fedhas
Kikubaaqudgha
Makhleb
Nemelex Xobeh
Okawaru
Ru
Sif Muna
Trog
Yredelemnul
Zin

Shops:
D:1 :   D:2 =   D:6 (   D:7 *

Annotations:
D:8 2 transporters, zxspectator's ghost, journeyman GrFi


Innate Abilities, Weirdness & Mutations

You can breathe blasts of fire.
Your fiery red scales are hard. (AC +7)
You cannot fit into any form of body armour.
Your flesh is heat resistant. (rF+)
You are cold-blooded and may be slowed by cold attacks.


Message History

The yak gores you but does no damage. x3
Unknown command.
Unknown command.
Casting: Vampiric Draining (safe; 1% risk of failure)
Confirm with . or Enter, or press ? or * to list all spells.
Aiming: Vampiric Draining (safe; 1% risk of failure)
Press: ? - help, Shift-Dir - straight line, f/p - yak
Aim: a yak (black smoke, severely wounded, constricted by roots)
You draw life force from the yak!
You kill the yak!
Kikubaaqudgha accepts your kill.
You feel life coursing into your body.
The grasping roots constrict the yak. x4
The roots release their grip on the yak. x2
The yak gores you but does no damage. x4
Unknown command.
Okay, then.
It was a potion of cancellation.
Your magical effects are unravelling.
You feel magically purged.
You feel less wooden.
Your +0 pair of boots unmelds from your body.
The grasping roots constrict the yak.
The grasping roots constrict the yak!
The roots release their grip on the yak. x2
The yak closely misses you. x2; The yak gores you.
* * * LOW HITPOINT WARNING * * *
The yak completely misses you.
As you read the scroll of teleportation, it crumbles to dust.
You feel strangely unstable. The yak gores you.
* * * LOW HITPOINT WARNING * * *
The yak gores you!
* * * LOW HITPOINT WARNING * * *
The yak gores you but does no damage. The yak barely misses you.
As you read the scroll labelled IXEICS ISCHIAD, it crumbles to dust.
It is a scroll of amnesia.
Really abort (and waste the scroll)?
Okay, then.
The yak closely misses you. The yak gores you but does no damage.
The yak gores you!
You die...
Kikubaaqudgha rasps: "You have failed me!
Welcome... death!"

#..†..#.P........P...........
#.....#......PP♣...♣........
......#..P..P....P...♣......
............♣...........##
.......P......>.........#
............♣..PP...P...#
............P.P..P.P....#####
##.............§YY♣.........#
.#......♣......P@†..........#
.#.........P....YY§P'#......#
.#............P..§.§.#Y.....#
.# ............#Y.....# .#
....#########Y....## ... ....
.............# ... ...
........Y....# ##......#
###..........# ........#
#..........###


You could see 4 yaks.

Vanquished Creatures
  A boulder beetle (D:7)
  Erica (D:8)
  A two-headed ogre (D:8)
  A cyclops (D:10)
  Grinder (D:5)
  Prince Ribbit (D:5)
  A hornet (D:8)
  7 wyverns
  A basilisk (D:10)
  12 yaks
  2 wraiths
  A vampire mosquito (D:7)
  A steam dragon (D:9)
  Menkaure (D:5)
  An acid dragon (D:9)
  4 water moccasins
  2 black bears (D:5)
  2 ice beasts (D:7)
  2 sky beasts (D:7)
  2 ogres (D:5)
  2 centaurs
  2 phantoms (D:5)
  A gnoll sergeant (D:8)
  5 kobold brigands
  4 bullfrogs
  A necrophage (D:6)
  4 scorpions
  14 wights
  3 killer bees (D:7)
  8 howler monkeys
  A bullfrog zombie (D:6)
  2 centaur zombies (D:6)
  2 hounds (D:5)
  A human zombie (D:6)
  3 jellies
  4 orc priests
  A gnoll bouda (D:5)
  2 iguanas
  10 orc wizards
  3 mummies (D:6)
  Robin (D:3)
  20 gnolls
  A howler monkey zombie (D:6)
  10 adders
  4 white imps
  4 worms
  A dart slug (D:1)
  23 orcs
  13 endoplasms
  5 giant cockroaches
  14 goblins
  7 hobgoblins
  4 quokkas
  12 ball pythons
  9 bats
  12 frilled lizards (D:1)
  31 kobolds
  6 rats
295 creatures vanquished.

Notes
Turn   | Place    | Note
-------+----------+-------------------------------------------
     0 | D:1      | Kallu the Draconian Earth Elementalist began the quest for
                  | the Orb.
     0 | D:1      | Reached XP level 1. HP: 14/14 MP: 3/3
   241 | D:1      | Found Owien's Book Boutique.
   247 | D:1      | Reached XP level 2. HP: 20/20 MP: 3/5
   501 | D:1      | Reached XP level 3. HP: 26/26 MP: 4/6
  1060 | D:2      | Learned a level 3 spell: Stone Arrow
  1242 | D:2      | Reached skill level 1 in Conjurations
  1256 | D:2      | Reached XP level 4. HP: 32/33 MP: 2/7
  1393 | D:2      | Found Esojuc's Jewellery Boutique.
  1710 | D:3      | Noticed Robin
  1890 | D:2      | Learned a level 2 spell: Passwall
  1927 | D:3      | Killed Robin
  2189 | D:3      | Reached XP level 5. HP: 38/38 MP: 6/9
  2739 | D:4      | Reached skill level 1 in Fighting
  2921 | D:4      | Reached XP level 6. HP: 25/48 MP: 1/12
  3307 | D:4      | Noticed a water moccasin
  3312 | D:4      | Killed a water moccasin
  3444 | D:4      | Found a snail-covered altar of Cheibriados.
  3446 | D:4      | Found an ancient bone altar of Kikubaaqudgha.
  3447 | D:4      | Found a sparkling altar of Nemelex Xobeh.
  3447 | D:4      | Found a sacrificial altar of Ru.
  3452 | D:4      | Became a worshipper of Kikubaaqudgha
  3722 | D:5      | Entered Level 5 of the Dungeon
  3734 | D:5      | Reached skill level 5 in Earth Magic
  3734 | D:5      | Your scales start taking on a fiery red colour.
  3734 | D:5      | Reached XP level 7. HP: 49/59 MP: 9/13
  3734 | D:5      | Gained mutation: Your flesh is heat resistant. (rF+) [Red
                  | Draconian growth]
  4108 | D:5      | Noticed Menkaure
  4112 | D:5      | Killed Menkaure
  4113 | D:5      | Reached skill level 1 in Necromancy
  4162 | D:5      | Reached XP level 8. HP: 65/66 MP: 9/14
  4357 | D:5      | Noticed Grinder
  4369 | D:5      | Killed Grinder
  4369 | D:5      | Reached * piety under Kikubaaqudgha
  4369 | D:5      | Received a gift from Kikubaaqudgha
  4370 | D:5      | Reached skill level 5 in Conjurations
  4370 | D:5      | Reached skill level 2 in Necromancy
  4427 | D:5      | Reached skill level 3 in Necromancy
  4533 | D:5      | Noticed Prince Ribbit
  4543 | D:5      | Killed Prince Ribbit
  4544 | D:5      | Reached skill level 4 in Necromancy
  4548 | D:5      | Learned a level 3 spell: Vampiric Draining
  5074 | D:6      | Found Qachubb's Weapon Shoppe.
  5697 | D:6      | Reached XP level 9. HP: 71/71 MP: 10/15
  5699 | D:6      | Reached skill level 5 in Necromancy
  5976 | D:6      | Found a basalt altar of Yredelemnul.
  6218 | D:7      | Reached skill level 6 in Necromancy
  6253 | D:7      | Found Jeidgh's Fire Supplies.
  6455 | D:7      | Noticed a boulder beetle
  6471 | D:7      | Killed a boulder beetle
  6472 | D:7      | Reached skill level 7 in Necromancy
  6581 | D:7      | Reached skill level 8 in Necromancy
  6679 | D:7      | Reached ** piety under Kikubaaqudgha
  6813 | D:7      | Found a staircase to the Ecumenical Temple.
  6945 | D:7      | Reached XP level 10. HP: 75/78 MP: 7/16
  7067 | D:7      | Reached skill level 9 in Necromancy
  7834 | D:8      | Noticed Erica
  7840 | D:8      | Killed Erica
  7841 | D:8      | Reached skill level 10 in Necromancy
  8117 | D:8      | Noticed a two-headed ogre
  8123 | D:8      | Killed a two-headed ogre
  8193 | D:8      | Learned a level 4 spell: Petrify
  8196 | D:8      | Found a transporter.
  8219 | D:8      | Noticed zxspectator's ghost (journeyman GrFi)
  8236 | D:8      | Reached skill level 11 in Necromancy
  8438 | D:8      | Found a transporter.
  8506 | D:8      | Found a bloodstained altar of Trog.
  8513 | D:8      | Found an iron altar of Okawaru.
  8516 | D:8      | Found a glowing silver altar of Zin.
  8535 | D:8      | Found a burning altar of Makhleb.
  8827 | D:8      | Reached *** piety under Kikubaaqudgha
  8827 | D:8      | Received a gift from Kikubaaqudgha
  8925 | D:8      | Found a blossoming altar of Fedhas.
  9841 | D:9      | Reached skill level 12 in Necromancy
 10107 | D:9      | Reached XP level 11. HP: 82/82 MP: 15/17
 11273 | D:10     | Entered Level 10 of the Dungeon
 11512 | D:10     | Found a shimmering blue altar of Sif Muna.
 11903 | D:10     | Found a staircase to the Lair.
 11962 | D:10     | Reached skill level 13 in Necromancy
 12144 | D:10     | Reached **** piety under Kikubaaqudgha
 12177 | D:10     | HP: 3/126 [yak (6)]
 12184 | D:10     | HP: 6/126 [yak (1)]
 12193 | D:10     | HP: 2/84 [yak (10)]
 12194 | D:10     | Mangled by a yak

Illustrated notes

Levels and vault maps discovered:
D:1:      minmay_arrival_semitransparent, layout_basic, serial_shops, shop,
          minmay_lizard_king
D:2:      layout_rooms, serial_shops, nicolae_shop_just_a_little_nook, hex_large
D:3:      layout_loops_ring, minmay_unequal, uniq_robin
D:4:      layout_basic, chequers_temple_overflow_statue_of_worship,
          serial_glass, glass_columns_a, glass_columns_a, minmay_misc_feat_cross
D:5:      layout_basic, kennysheep_generic_room_14, uniq_grinder, uniq_menkaure,
          uniq_prince_ribbit1
D:6:      layout_basic, lemuel_mausoleum_altar_yredelemnul, serial_shops, shop,
          minmay_misc_feat_roman, nicolae_nh_ransacked_shop
D:7:      layout_loops_ring, minmay_temple_entry_slanted, nicolae_shop_fire_sale
          [nicolae_sub_dead_trees], kb_rosetta
D:8:      layout_layer_cave, minitemple, fedhas_altar_1,
          grunt_temple_overflow_open, gammafunk_ghost_stat_death, uniq_erica
D:9:      layout_grid_maze, billiards_dpeg
D:10:     layout_irregular_city, led_sif_book, minmay_lair_entry_grove,
          evilmike_butchery

Skill      XL: |  1  2  3  4  5  6  7  8  9 10 11 |
---------------+----------------------------------+-----
Earth Magic    | 4 5 6 7 9 |  9.1
Conjurations   | 1 2 3 4 5 |  5.1
Spellcasting   | 3 4 |  4.0
Fighting       | 2 4 |  4.0
Necromancy     | 1 4 8 12 13 | 13.5
Transmutations | 2 |  2.0
Dodging        | 2 4 |  4.0
Stealth        | |  1.7

Action                     |  1- 3 |  4- 6 |  7- 9 | 10-12 || total
---------------------------+-------+-------+-------+-------++-------
  Melee: Dagger            |    35 |     1 |       |       ||    36
         Tailslap          |     4 |     4 |     7 |    22 ||    37
         Trident           |       |    43 |    83 |    25 ||   151
         Punch             |       |     1 |     2 |     1 ||     4
         Scimitar          |       |       |       |   140 ||   140
   Cast: Sandblast         |    54 |    96 |   121 |    68 ||   339
         Stone Arrow       |       |     3 |     5 |    25 ||    33
         Vampiric Draining |       |       |     4 |    42 ||    46
         Petrify           |       |       |       |     1 ||     1
 Invoke: Unearth Wretches  |       |       |     1 |       ||     1
Ability: Breathe Fire      |       |       |    13 |     4 ||    17
  Evoke: Wand              |       |       |     4 |     1 ||     5
    Use: Potion            |       |       |       |     7 ||     7
         Scroll            |       |       |       |     4 ||     4
   Stab: Distracted        |       |     1 |       |       ||     1
         Sleeping          |       |       |     1 |     4 ||     5
         Paralysed         |       |       |     1 |       ||     1
 Armour: Skin              |    13 |    44 |    84 |   133 ||   274
  Dodge: Dodged            |    48 |    85 |   125 |   197 ||   455
